 Seeded DCSS version 0.31-a0-818-ge7c7cf74f0 (webtiles) character file.

Game seed: 20230922 (custom seed)

6009 muata the Grappler (level 10, -17/94 HPs)
             Began as a Troll Monk on Sept 22, 2023.
             Was a High Priest of Makhleb.
             Demolished by an orc knight
             ... wielding a +0 war axe
              (25 damage)
             ... in a bailey.
             The game lasted 00:34:06 (7774 turns).

muata the Grappler (Troll Monk)                     Turns: 7774, Time: 00:34:07

Health: -17/94     AC:  5    Str: 21    XL:     10   Next: 56%
Magic:  12/12      EV: 13    Int:  6    God:    Makhleb [*****.]
Gold:   582        SH:  0    Dex: 16    Spells: 9/9 levels left

rFire   . .          .
                       - Unarmed
rCold   . . .        c - orb {light}
rNeg    . . .        a - +0 robe
rPois   .            (helmet restricted)
rElec   .            w - +0 cloak
rCorr   .            (gloves unavailable)
SInv    .            (boots unavailable)
Will    .....        q - amulet of regeneration
Stlth   +            (no ring)
HPRegen 1.95/turn    (no ring)
MPRegen 0.13/turn

%: no passive effects
@: glowing
A: large, unfitting armour, claws 3, regeneration 1, shaggy fur 1, tough skin 1
a: Renounce Religion, Minor Destruction, Lesser Servant of Makhleb, Major
Destruction, Greater Servant of Makhleb


You were in a bailey.
You worshipped Makhleb.
Makhleb was extremely pleased with you.
You visited 1 branch of the dungeon, and saw 9 of its levels.
You also visited: Sewer and Bailey.

You collected 582 gold pieces.

Inventory:

Missiles
 k - 4 javelins (quivered)
 r - 5 boomerangs
 x - 2 throwing nets
Armour
 a - a +0 robe (worn)
 c - an orb of light (worn)
 w - a +0 cloak (worn)
Jewellery
 d - a ring of see invisible
 q - an amulet of regeneration (around neck)
Wands
 H - a wand of polymorph (11)
Scrolls
 f - 2 scrolls of teleportation {unknown}
 i - a scroll of blinking {unknown}
 o - a scroll of torment {unknown}
 p - a scroll of vulnerability {unknown}
 s - a scroll of immolation {unknown}
 u - 2 scrolls of amnesia {unknown}
 v - a scroll of acquirement {unknown}
 y - 2 scrolls of fog
 z - a scroll of enchant armour {unknown}
 A - a scroll of poison {unknown}
 E - 2 scrolls of enchant weapon
 F - a scroll of noise {unknown}
 G - 3 scrolls of revelation {unknown}
 I - a scroll of identify
Potions
 b - 2 potions of ambrosia
 e - a potion of attraction {unknown}
 g - 6 potions of curing
 h - 3 potions of haste {unknown}
 l - 2 potions of brilliance {unknown}
 m - 3 potions of magic
 n - 3 potions of might {unknown}
 t - 4 potions of mutation
 B - 6 potions of enlightenment
 C - a potion of cancellation {unknown}
 D - a potion of invisibility {unknown}


   Skills:
 - Level 4.7 Fighting
 - Level 7.5 Dodging
 + Level 11.7 Unarmed Combat
 - Level 5.1 Invocations


You had 9 spell levels left.
You didn't know any spells.
Your spell library contained the following spells:

 Spells                   Type           Power      Damage    Failure   Level
 Apportation              Tloc           0%         N/A       45%         1
 Necrotise                Necr           0%         1d4       45%         1
 Slow                     Hex            0%         N/A       45%         1
 Summon Small Mammal      Summ           0%         N/A       45%         1
 Lesser Beckoning         Tloc           0%         N/A       58%         2
 Confusing Touch          Hex            0%         N/A       83%         3
 Frozen Ramparts          Ice            0%         1d1       83%         3
 Gell's Gravitas          Tloc           0%         N/A       83%         3
 Ignite Poison            Fire/Tmut/Pois 0%         N/A       83%         3
 Sigil of Binding         Hex            0%         N/A       83%         3
 Teleport Other           Tloc           0%         N/A       83%         3
 Vampiric Draining        Necr           0%         2d6       83%         3
 Petrify                  Tmut/Erth      0%         N/A       99%         4
 Sticky Flame             Conj/Fire      0%         2d3       99%         4
 Metabolic Englaciation   Hex/Ice        0%         N/A       100%        5
 Ignition                 Fire           0%         3d3       100%        8


Dungeon Overview and Level Annotations

Branches:
Dungeon (9/15)             Temple (0/1) D:4           Sewer (visited)
 Bailey (1/1)
   Lair: D:8-11         Orc: D:9-12

Altars:
Ashenzari
Fedhas
Kikubaaqudgha
Makhleb
Qazlal
Sif Muna
Trog
Xom
Yredelemnul
The Shining One

Shops:
D:4 (


Innate Abilities, Weirdness & Mutations

You are too large for most types of armour.
You have claws for hands.
Your natural rate of healing is unusually fast.
You are covered in fur. (AC +1)
You have tough skin. (AC +1)


Message History

The orcs go into a battle-frenzy!
The orc knight hits you with a +0 war axe!
* * * LOW HITPOINT WARNING * * *
Okay, then.
The orc knight no longer looks unusually strong.
The orc knight roars a battlecry!
The orc knight goes into a battle-frenzy!
The orc knight roars a battlecry!
The orc knight goes into a battle-frenzy!
There is an open door, spattered with blood here.
Items here: )))) [[[[ ††.
The orc warrior no longer looks unusually strong.
The orc knight roars a battlecry!
The orc warrior goes into a battle-frenzy!
The orc knight roars a battlecry!
The orc knight attacks as it pursues you!
The orc knight hits you with a +0 war axe!!
You claw the orc knight!
The orc knight is severely wounded.
You claw the orc knight!
The orc knight is almost dead.
The orc knight no longer looks unusually strong.
The orc knight roars a battlecry!
The orc knight goes into a battle-frenzy!
You scratch the orc knight but do no damage.
The orc knight is almost dead.
The orc knight closely misses you.
You claw the orc knight!
The orc knight is almost dead.
The orc knight hits you with a +0 war axe!!
* * * LOW HITPOINT WARNING * * *
You completely miss the orc knight.
The orc knight is almost dead.
The orc warrior barely misses you. The orc knight misses you.
You feel much better.
The orc knight hits you with a +0 war axe.
The orc warrior hits you with a +3 broad axe!!
* * * LOW HITPOINT WARNING * * *
The orc knight hits you with a +0 war axe!!
You die...

....# #.......# ....##
##.......## .....#
#.........# .....##
##....o....##
⌠.....#######.....⌠.....#
.....##.....##..g.o....##
.....#.......#..g......#
....##.......##ooo....##
....).........))@.....#
...##)......))##.....##
####.....⌠...).#######
##.........## #.........#
##.......## #.......#
##.....## ♣♣##'''##♣♣


You could see 2 orc knights, an orc warrior (strong), 2 orcs and 2 hobgoblins.

Vanquished Creatures
  Maggie (D:6)
  A hornet (D:8)
  4 vampire mosquitoes (D:9)
  Menkaure (D:4)
  4 water moccasins
  4 ice beasts
  7 orc warriors
  2 black bears
  2 ogres
  2 centaurs (D:9)
  A bullfrog (D:9)
  3 necrophages (D:6)
  3 scorpions
  8 wights
  5 killer bees
  4 howler monkeys
  3 jellies
  3 hounds
  4 bullfrog zombies (D:6)
  A human zombie (D:6)
  4 orc priests
  4 gnoll boudas
  3 iguanas
  6 orc wizards
  Natasha (twice) (D:2)
  A killer bee zombie (D:6)
  A mummy (D:6)
  A howler monkey zombie (D:6)
  26 gnolls
  4 river rats (Sewer)
  13 adders
  A shadow imp (D:7)
  3 white imps
  3 worms
  2 dart slugs (D:1)
  27 orcs
  8 endoplasms
  8 giant cockroaches
  25 goblins
  16 hobgoblins
  9 jackals
  6 kobolds
  6 quokkas
  13 ball pythons
  10 bats
  5 frilled lizards
  5 rats
275 creatures vanquished.

Vanquished Creatures (collateral kills)
  An orc warrior (Bailey)
  3 killer bees (D:7)
4 creatures vanquished.

Grand Total: 279 creatures vanquished

Notes
Turn   | Place    | Note
-------+----------+-------------------------------------------
     0 | D:1      | muata the Troll Monk began the quest for the Orb.
     0 | D:1      | Reached XP level 1. HP: 22/22 MP: 0/0
   129 | D:1      | Reached XP level 2. HP: 27/29 MP: 1/1
   343 | D:1      | Reached skill level 4 in Unarmed Combat
   397 | D:1      | Reached XP level 3. HP: 34/36 MP: 2/2
   792 | D:2      | Found a burning altar of Makhleb.
   931 | D:2      | Noticed Natasha
   937 | D:2      | Killed Natasha
  1128 | D:2      | Found a faded altar of an unknown god.
  1201 | D:2      | Noticed Natasha
  1207 | D:2      | Killed Natasha
  1208 | D:2      | Reached skill level 5 in Unarmed Combat
  1208 | D:2      | Reached XP level 4. HP: 38/44 MP: 3/3
  1505 | D:2      | Became a worshipper of Makhleb the Destroyer
  1505 | D:2      | Reached * piety under Makhleb
  1505 | D:2      | Reached ** piety under Makhleb
  1899 | D:3      | Reached XP level 5. HP: 50/50 MP: 4/4
  1908 | D:3      | Reached skill level 6 in Unarmed Combat
  1977 | D:3      | Found a shimmering altar of Xom.
  1979 | D:3      | Found a shimmering altar of Xom.
  1979 | D:3      | Found a shimmering altar of Xom.
  1981 | D:3      | Found a shimmering altar of Xom.
  2205 | D:4      | Found a stormy altar of Qazlal.
  2234 | D:4      | Reached XP level 6. HP: 30/59 MP: 5/5
  2306 | D:4      | Found Uloxi's Antique Weapon Emporium.
  2435 | D:4      | Found a staircase to the Ecumenical Temple.
  2450 | D:4      | Reached *** piety under Makhleb
  2577 | D:4      | Found a basalt altar of Yredelemnul.
  2580 | D:4      | Found a blossoming altar of Fedhas.
  2583 | D:4      | Found a shimmering blue altar of Sif Muna.
  2633 | D:4      | Reached skill level 7 in Unarmed Combat
  2881 | D:4      | Noticed Menkaure
  2884 | D:4      | Killed Menkaure
  2950 | D:4      | Reached skill level 8 in Unarmed Combat
  2950 | D:4      | Reached XP level 7. HP: 40/66 MP: 6/6
  3071 | D:5      | Entered Level 5 of the Dungeon
  3158 | D:5      | Noticed a neqoxec
  3165 | D:5      | Reached skill level 9 in Unarmed Combat
  3506 | D:5      | Reached XP level 8. HP: 71/75 MP: 7/7
  3571 | D:5      | Found a glowing golden altar of the Shining One.
  3900 | D:5      | Found a bloodstained altar of Trog.
  4258 | D:6      | Reached **** piety under Makhleb
  4301 | D:6      | Found an ancient bone altar of Kikubaaqudgha.
  4360 | D:6      | Found a glowing drain.
  4407 | Sewer    | Entered a sewer
  4657 | Sewer    | Reached skill level 5 in Dodging
  5182 | D:6      | Reached XP level 9. HP: 85/85 MP: 8/8
  5284 | D:6      | Reached ***** piety under Makhleb
  5399 | D:6      | Noticed Maggie
  5410 | D:6      | Killed Maggie
  5976 | D:7      | Reached skill level 1 in Invocations
  6259 | D:7      | Found a broken altar of Ashenzari.
  6457 | D:7      | Reached skill level 5 in Invocations
  7066 | D:8      | Reached XP level 10. HP: 89/94 MP: 12/12
  7457 | D:9      | Reached skill level 10 in Unarmed Combat
  7461 | D:9      | Found a flagged portal.
  7549 | D:9      | Reached skill level 11 in Unarmed Combat
  7602 | Bailey   | Entered a bailey
  7728 | Bailey   | Noticed an orc knight
  7732 | Bailey   | Noticed an orc knight
  7774 | Bailey   | Demolished by an orc knight

Illustrated notes

Levels and vault maps discovered:
D:1:      amcnicky_arrival_wind_blow, layout_loops_cross, reono_crystal_passage
D:2:      layout_loops_ring, dreamdust_ecumenical_altar_hidden_monk_grotto,
          basic_altar, uniq_natasha
D:3:      minmay_skewed_foursquare, layout_basic, xom_redecorated
D:4:      layout_loops_ring, grunt_temple_overflow_diamond,
          mainiacjoe_overflow_alcove_1, minmay_temple_entry_offerings,
          serial_aquarium, aquarium_bridge_straight [aquarium_subvault_bridge,
          aquarium_subvault_wall, aquarium_subvault_bridge,
          aquarium_subvault_wall], aquarium_bridge_long_separate
          [aquarium_subvault_wall, aquarium_subvault_bridge,
          aquarium_subvault_bridge, aquarium_subvault_window,
          aquarium_subvault_bridge, aquarium_subvault_balcony],
          aquarium_window_fake, aquarium_window_1, aquarium_window_fake,
          aquarium_view_2a, aquarium_pool_corner, serial_shops,
          nicolae_shop_hallway_plus, uniq_menkaure
D:5:      layout_cave_pods, lightli_temple_of_fire, tso_oasis_becter,
          chequers_serial_rivers_micro_c
D:6:      layout_loops_ring, lemuel_mausoleum_altar_kikubaaqudgha,
          gup_sewer_entry_pipe, minmay_ogre_servants, uniq_maggie
D:7:      layout_loops_ring, nicolae_ashenzari_panopticon, nrook_mini_backslash
D:8:      layout_gridville
D:9:      minmay_clustersquares, layout_rooms, enter_bailey_3, uniq_joseph
Bailey:   bailey_axe_minmay_hex_keep, bailey

Skill      XL: |  1  2  3  4  5  6  7  8  9 10 |
---------------+-------------------------------+-----
Unarmed Combat | 4 5 6 8 9 11 | 11.7
Fighting       | 3 4 |  4.7
Dodging        | 3 5 7 |  7.5
Invocations    | 5 |  5.1

Action                     |  1- 3 |  4- 6 |  7- 9 | 10-12 || total
---------------------------+-------+-------+-------+-------++-------
  Melee: Unarmed           |    60 |   111 |   348 |   133 ||   652
 Invoke: Lesser Servant of |       |       |     2 |     1 ||     3
         Minor Destruction |       |       |     2 |       ||     2
    Use: Scroll            |       |       |     5 |       ||     5
         Potion            |       |       |     3 |     2 ||     5
 Armour: Robe              |    37 |    62 |   227 |    87 ||   413
  Dodge: Dodged            |    22 |    47 |   187 |    96 ||   352

Table legend: (Time is in decaauts)
 A = Elapsed time spent in this place.
 B = Non-inter-level travel time spent in this place.
 C = Inter-level travel time spent in this place.
 D = Time resting spent in this place.
 E = Time spent auto-exploring this place.
 F = Levels seen in this place.
 G = Mean time per level.
                   A        B        C        D        E       F      G
               +--------+--------+--------+--------+--------+-----+--------+
         Total |   7673 |   7045 |    628 |    204 |   4796 |  11 |  697.5 |
       Dungeon |   6903 |   6275 |    628 |    204 |   4450 |   9 |  767.0 |
         Sewer |    609 |    609 |      0 |      0 |    346 |   1 |  609.0 |
        Bailey |    160 |    160 |      0 |      0 |      0 |   1 |  160.0 |
               +--------+--------+--------+--------+--------+-----+--------+

Top non-repeatable levels by time:
     D:6: 1111 daAuts
     D:5: 1066 daAuts
     D:2: 979 daAuts
     D:4: 938 daAuts
     D:7: 914 daAuts
     D:1: 627 daAuts
     D:8: 621 daAuts
   Sewer: 609 daAuts
     D:3: 507 daAuts
  Bailey: 160 daAuts
     D:9: 136 daAuts
